Colorado Rockies vs San Jose Sharks
(R2)
Created - Sunday, August 24, 2025 at 08:13
Goals
|
| Colorado Rockies |
0 |
1 |
0 |
1 |
| San Jose Sharks |
0 |
3 |
4 |
7 |
|
Shots
|
| Colorado Rockies |
8 |
12 |
11 |
31 |
| San Jose Sharks |
15 |
11 |
11 |
37 |
|
1st period
No Goal
Penalties :
Max Domi (SJS) for Tripping (Minor) at 3:15, David Pastrnak (COL) for Cross-checking (Minor) at 10:09, Josh Manson (SJS) for High sticking (Minor) at 18:18
2nd period
1. San Jose Sharks , Kevin Fiala 9 (Carter Verhaeghe 7, Mattias Samuelsson 4) at 2:18 (SH)
2. San Jose Sharks , Anthony Beauvillier 5 (Adam Henrique 8) at 4:12 (SH)
3. San Jose Sharks , Max Domi 5 (Adam Henrique 9) at 5:41
4. Colorado Rockies , David Pastrnak 5 (Vince Dunn 3) at 14:09
Penalties :
Connor Murphy (SJS) for Cross-checking (Minor) at 1:42, Alexander Wennberg (SJS) for High sticking (Minor) at 2:32, Evgeny Kuznetsov (COL) for Roughing (Minor) at 5:53, Max Domi (SJS) for Interference (Minor) at 9:25, Vince Dunn (COL) for Interference (Minor) at 14:40, Nikita Kucherov (COL) for Hooking (Minor) at 18:31
3rd period
5. San Jose Sharks , Max Domi 6 (Andre Burakovsky 9, Alexander Wennberg 9) at 0:12 (PP)
6. San Jose Sharks , Robby Fabbri 2 (Blake Lizotte 1, Travis Boyd 5) at 1:43
7. San Jose Sharks , Kevin Fiala 10 (Carter Verhaeghe 8) at 13:59 (PP)
8. San Jose Sharks , Alexander Wennberg 8 (Kevin Fiala 9, Carter Verhaeghe 9) at 16:01
Penalties :
David Pastrnak (COL) for Hooking (Minor) at 7:09, Anthony Beauvillier (SJS) for Fighting (Major) at 9:22, Zach Whitecloud (COL) for Fighting (Major) at 9:22, Michael Bunting (COL) for Hooking (Minor) at 9:49, Timothy Liljegren (COL) for Hooking (Minor) at 13:19, Marcus Pettersson (SJS) for Holding Stick (Minor) at 19:19
Goalie Stats
Arvid Soderblom (COL), 30 saves from 37 shots - (0.811), L, 3-2-0, 60:00 minutes
Jakub Dobes (SJS), 30 saves from 31 shots - (0.968), W, 6-3-3, 60:00 minutes
Players Stats for Colorado Rockies
Player Name G A P +/- PIM S H SB GA TA FO MP PP MP PK MP
------------------------------------------------------------------------------------
Andrew Peeke 0 0 0 -2 0 1 1 2 0 0 0/0 23:09 4:16 6:23
David Pastrnak 1 0 1 1 4 4 5 0 0 0 0/1 18:41 4:42 3:56
Evgeny Kuznetsov 0 0 0 -2 2 0 0 0 0 0 1/6 9:30 0:00 0:00
Jesper Bratt 0 0 0 1 0 4 1 0 1 1 0/0 14:42 4:42 0:13
Kevin Hayes 0 0 0 -1 0 0 1 0 0 0 0/1 9:21 0:00 0:00
Kyle Connor 0 0 0 -2 0 4 0 1 1 1 2/3 19:32 4:44 5:26
Kyle Palmieri 0 0 0 1 0 0 1 0 0 0 6/19 14:29 4:42 0:00
Martin Fehervary 0 0 0 -1 0 2 3 0 0 0 0/0 25:40 5:00 6:12
Michael Bunting 0 0 0 -1 2 3 3 0 2 2 0/1 11:38 0:00 2:09
Nick Bonino 0 0 0 -2 0 1 0 0 0 0 0/0 9:30 0:00 0:00
Nick Schmaltz 0 0 0 -1 0 3 1 0 1 0 1/9 11:04 0:00 1:36
Nikita Kucherov 0 0 0 -2 2 2 0 0 1 0 0/2 19:32 4:44 5:09
Philipp Kurashev 0 0 0 -2 0 2 1 2 0 0 0/1 9:30 0:00 0:00
Tim Stutzle 0 0 0 -2 0 2 1 0 1 0 10/22 20:09 4:44 6:03
Timothy Liljegren 0 0 0 -2 2 0 2 1 0 1 0/0 23:08 4:16 5:43
Victor Hedman 0 0 0 -1 0 1 0 2 0 1 0/0 24:42 5:00 5:37
Vince Dunn 0 1 1 -1 2 2 0 0 1 2 0/0 12:35 0:10 0:16
Zach Whitecloud 0 0 0 -1 5 0 1 0 0 0 0/0 10:44 0:10 0:21
Players Stats for San Jose Sharks
Player Name G A P +/- PIM S H SB GA TA FO MP PP MP PK MP
------------------------------------------------------------------------------------
Adam Henrique 0 2 2 2 0 3 2 1 0 1 13/19 20:44 6:02 4:10
Alexander Wennberg 1 1 2 1 2 3 0 0 0 0 14/20 19:23 6:13 3:33
Andre Burakovsky 0 1 1 1 0 1 0 0 1 0 1/1 16:00 6:09 0:00
Andrew Copp 0 0 0 0 0 2 0 1 0 0 6/7 10:58 0:04 0:00
Anthony Beauvillier 1 0 1 1 5 4 0 0 0 0 0/2 10:57 0:00 0:45
Blake Lizotte 0 1 1 0 0 0 0 0 0 0 0/0 7:40 0:00 0:00
Carter Verhaeghe 0 3 3 2 0 2 0 0 3 0 2/4 20:24 6:03 4:34
Connor Murphy 0 0 0 1 2 1 2 1 0 0 0/0 25:26 6:26 3:32
Ilya Mikheyev 0 0 0 0 0 4 1 0 1 0 0/0 11:16 0:05 0:03
Josh Manson 0 0 0 2 2 1 3 1 1 2 0/0 21:49 5:50 3:07
Justin Barron 0 0 0 1 0 0 0 0 0 0 0/0 9:59 0:00 0:00
Kevin Fiala 2 1 3 2 0 4 3 0 0 1 3/4 20:22 6:03 4:32
Marcus Pettersson 0 0 0 2 2 0 2 2 0 1 0/0 22:16 5:50 3:37
Mattias Samuelsson 0 1 1 1 0 2 2 2 1 0 0/0 27:04 6:26 5:09
Max Domi 2 0 2 1 4 4 3 0 0 0 2/2 16:09 6:09 0:00
Nicolas Hague 0 0 0 1 0 0 3 1 0 3 0/0 13:31 0:00 3:32
Robby Fabbri 1 0 1 0 0 5 1 0 0 0 0/0 7:40 0:00 0:00
Travis Boyd 0 1 1 0 0 1 1 0 1 0 4/6 7:40 0:00 0:00
3 Stars
1 - Kevin Fiala (SJS)
2 - Jakub Dobes (SJS)
3 - Carter Verhaeghe (SJS)
Power Play
Colorado Rockies - 0 on 6 Attempt(s) - 0.00%
San Jose Sharks - 2 on 7 Attempt(s) - 28.57%
Penalty Kill
Colorado Rockies - 5 on 7 Attempt(s) - 71.43%
- Score 0 goal in Penalty Kill
San Jose Sharks - 6 on 6 Attempt(s) - 100.00%
- Score 2 goal in Penalty Kill
Team Stat
Colorado Rockies - Hits : 21 - Faceoff Wins : 20 - Blocked Shots : 8 - Penalty Minutes : 19
San Jose Sharks - Hits : 23 - Faceoff Wins : 45 - Blocked Shots : 9 - Penalty Minutes : 17
Official
Referees : Garrett Rank and Graham Skilliter
Linesman : Devin Berg and Brad Kovachik
Game Notes
1:43 of 3rd period - San Jose Sharks goal is going for a video replay. After video review, Goal.
Anthony Beauvillier and Zach Whitecloud fight to a draw at 9:22 of 3rd period
Finance
Level 1 -- Attendance: 5657 (94.28%) -- Ticket Income $509,130
Level 2 -- Attendance: 4624 (92.48%) -- Ticket Income $231,200
Level 3 -- Attendance: 3000 (100.00%) -- Ticket Income $99,000
Level 4 -- Attendance: 5000 (100.00%) -- Ticket Income $110,000
Luxury Box -- Attendance: 970 (97.00%) -- Ticket Income $187,210
Game was played at the SAP Center at San Jose.
Total Attendance: 19251 (96.26%)
Total Ticket Income: $1,136,540
Other Income: $397,789
Total Income: $1,534,329
Colorado Rockies
5 vs 5 Forward
Center Left Wing Right Wing Time % Phy DF OF
1 Tim Stutzle Kyle Connor Nikita Kucherov 25 1 2 2
2 Kyle Palmieri Jesper Bratt David Pastrnak 25 1 2 2
3 Nick Schmaltz Michael Bunting Kevin Hayes 25 1 2 2
4 Evgeny Kuznetsov Nick Bonino Philipp Kurashev 25 1 2 2
5 vs 5 Defense
Defense Defense Time % Phy DF OF
1 Victor Hedman Martin Fehervary 35 1 2 2
2 Timothy Liljegren Andrew Peeke 30 1 2 2
3 Vince Dunn Zach Whitecloud 30 1 2 2
4 Victor Hedman Martin Fehervary 5 1 2 2
PowerPlay Forward
Center Left Wing Right Wing Time % Phy DF OF
1 Tim Stutzle Kyle Connor Nikita Kucherov 50 1 2 2
2 Kyle Palmieri Jesper Bratt David Pastrnak 50 1 2 2
PowerPlay Defense
Defense Defense Time % Phy DF OF
1 Victor Hedman Martin Fehervary 50 1 2 2
2 Timothy Liljegren Andrew Peeke 50 1 2 2
Penalty Kill 4 Players Forward
Center Wing Time % Phy DF OF
1 Nikita Kucherov David Pastrnak 50 1 2 2
2 Tim Stutzle Kyle Connor 50 1 2 2
Penalty Kill 4 Players Defense
Defense Defense Time % Phy DF OF
1 Victor Hedman Martin Fehervary 50 1 2 2
2 Timothy Liljegren Andrew Peeke 50 1 2 2
Penalty Kill - 3 Players Forward
Forward Time % Phy DF OF
1 Nikita Kucherov 50 1 2 2
2 David Pastrnak 50 1 2 2
Penalty Kill - 3 Players Defense
Defense Defense Time % Phy DF OF
1 Victor Hedman Martin Fehervary 50 1 2 2
2 Timothy Liljegren Andrew Peeke 50 1 2 2
4 vs 4 Forward
Center Wing Time % Phy DF OF
1 Nikita Kucherov David Pastrnak 50 1 2 2
2 Tim Stutzle Kyle Connor 50 1 2 2
4 vs 4 Defense
Defense Defense Time % Phy DF OF
1 Victor Hedman Martin Fehervary 50 1 2 2
2 Timothy Liljegren Andrew Peeke 50 1 2 2
Last Minutes Offensive
Center Left Wing Right Wing Defense Defense
Tim Stutzle Kyle Connor Nikita Kucherov Victor Hedman Martin Fehervary
Last Minutes Defensive
Center Left Wing Right Wing Defense Defense
Tim Stutzle Kyle Connor Nikita Kucherov Victor Hedman Martin Fehervary
Goaltenders
Starting : Arvid Soderblom
Backup : Joey Daccord
Extra Forwards
Normal : Evgeny Kuznetsov, Nick Schmaltz, Michael Bunting - PP : Evgeny Kuznetsov, Nick Schmaltz - PK : Michael Bunting
Extra Defensemen
Normal : Vince Dunn, Zach Whitecloud, Timothy Liljegren - PP : Vince Dunn - PK : Zach Whitecloud, Timothy Liljegren
Penalty Shots
Nikita Kucherov, David Pastrnak, Tim Stutzle, Kyle Connor, Jesper Bratt
Scratches
Quinn Hughes (Healthy), Daniil Tarasov (Healthy)
San Jose Sharks
5 vs 5 Forward
Center Left Wing Right Wing Time % Phy DF OF
1 Alexander Wennberg Kevin Fiala Carter Verhaeghe 30 1 2 2
2 Adam Henrique Max Domi Andre Burakovsky 30 1 2 2
3 Andrew Copp Anthony Beauvillier Ilya Mikheyev 25 1 2 2
4 Travis Boyd Robby Fabbri Blake Lizotte 15 1 2 2
5 vs 5 Defense
Defense Defense Time % Phy DF OF
1 Mattias Samuelsson Connor Murphy 30 1 2 2
2 Marcus Pettersson Josh Manson 30 1 2 2
3 Justin Barron Nicolas Hague 25 1 2 2
4 Mattias Samuelsson Connor Murphy 15 1 2 2
PowerPlay Forward
Center Left Wing Right Wing Time % Phy DF OF
1 Carter Verhaeghe Kevin Fiala Adam Henrique 50 1 2 2
2 Alexander Wennberg Max Domi Andre Burakovsky 50 1 2 2
PowerPlay Defense
Defense Defense Time % Phy DF OF
1 Mattias Samuelsson Connor Murphy 50 1 2 2
2 Marcus Pettersson Josh Manson 50 1 2 2
Penalty Kill 4 Players Forward
Center Wing Time % Phy DF OF
1 Kevin Fiala Carter Verhaeghe 50 1 2 2
2 Alexander Wennberg Adam Henrique 50 1 2 2
Penalty Kill 4 Players Defense
Defense Defense Time % Phy DF OF
1 Mattias Samuelsson Connor Murphy 50 1 2 2
2 Marcus Pettersson Josh Manson 50 1 2 2
Penalty Kill - 3 Players Forward
Forward Time % Phy DF OF
1 Kevin Fiala 50 1 2 2
2 Carter Verhaeghe 50 1 2 2
Penalty Kill - 3 Players Defense
Defense Defense Time % Phy DF OF
1 Mattias Samuelsson Connor Murphy 50 1 2 2
2 Marcus Pettersson Josh Manson 50 1 2 2
4 vs 4 Forward
Center Wing Time % Phy DF OF
1 Kevin Fiala Carter Verhaeghe 50 1 2 2
2 Alexander Wennberg Adam Henrique 50 1 2 2
4 vs 4 Defense
Defense Defense Time % Phy DF OF
1 Mattias Samuelsson Connor Murphy 50 1 2 2
2 Marcus Pettersson Josh Manson 50 1 2 2
Last Minutes Offensive
Center Left Wing Right Wing Defense Defense
Carter Verhaeghe Kevin Fiala Adam Henrique Mattias Samuelsson Connor Murphy
Last Minutes Defensive
Center Left Wing Right Wing Defense Defense
Carter Verhaeghe Kevin Fiala Adam Henrique Mattias Samuelsson Connor Murphy
Goaltenders
Starting : Jakub Dobes
Backup : Tristan Jarry
Extra Forwards
Normal : Ilya Mikheyev, Andrew Copp, Anthony Beauvillier - PP : Ilya Mikheyev, Andrew Copp - PK : Anthony Beauvillier
Extra Defensemen
Normal : Connor Murphy, Nicolas Hague, Marcus Pettersson - PP : Mattias Samuelsson - PK : Nicolas Hague, Marcus Pettersson
Penalty Shots
Kevin Fiala, Carter Verhaeghe, Alexander Wennberg, Adam Henrique, Max Domi
Scratches
Jordan Spence (Right Hand Injury), Ryan Johansen (Healthy), Calle Jarnkrok (Healthy)
% Time on Ice - Colorado Rockies
Lines # - Real PCT - Wanted PCT - Time Play
Normal Forward
1 - 25% - 25% - 9:40
2 - 26% - 25% - 9:47
3 - 24% - 25% - 9:21
4 - 25% - 25% - 9:30
Normal Defense
1 - 37% - 35% - 14:05
2 - 32% - 30% - 12:04
3 - 32% - 30% - 12:09
4 - 0% - 5% - 0:00
PP Forward
1 - 50% - 50% - 4:44
2 - 50% - 50% - 4:42
PP Defense
1 - 53% - 50% - 5:00
2 - 47% - 50% - 4:26
PK Forward
1 - 54% - 50% - 6:37
2 - 46% - 50% - 5:39
PK Defense
1 - 48% - 50% - 5:53
2 - 52% - 50% - 6:23
PK3 Forward
1 - 0% - 50%
2 - 0% - 50%
PK3 Defense
1 - 0% - 50%
2 - 0% - 50%
44 Forward
1 - 0% - 50%
2 - 0% - 50%
44 Defense
1 - 0% - 50%
2 - 0% - 50%
Last Minute Offensive - 0:00
Last Minute Defensive - 0:00
Total
Forward - 60:00
Defense - 60:00
|
% Time on Ice - San Jose Sharks
Lines # - Real PCT - Wanted PCT - Time Play
Normal Forward
1 - 26% - 30% - 9:53
2 - 26% - 30% - 10:02
3 - 28% - 25% - 10:43
4 - 20% - 15% - 7:40
Normal Defense
1 - 33% - 30% - 12:28
2 - 34% - 30% - 12:50
3 - 26% - 25% - 9:59
4 - 8% - 15% - 3:01
PP Forward
1 - 49% - 50% - 6:03
2 - 51% - 50% - 6:13
PP Defense
1 - 52% - 50% - 6:26
2 - 48% - 50% - 5:50
PK Forward
1 - 49% - 50% - 4:04
2 - 51% - 50% - 4:13
PK Defense
1 - 48% - 50% - 4:00
2 - 52% - 50% - 4:17
PK3 Forward
1 - 45% - 50% - 0:31
2 - 55% - 50% - 0:38
PK3 Defense
1 - 100% - 50% - 1:09
2 - 0% - 50% - 0:00
44 Forward
1 - 0% - 50%
2 - 0% - 50%
44 Defense
1 - 0% - 50%
2 - 0% - 50%
Last Minute Offensive - 0:00
Last Minute Defensive - 0:00
Total
Forward - 60:00
Defense - 60:00
|
Play-by-Play
1st period
0:01 of 1st period - Alexander Wennberg wins face-off versus Tim Stutzle in neutral zone.
0:26 of 1st period - Martin Fehervary is hit by Mattias Samuelsson and loses puck.
0:35 of 1st period - Wrist shot by David Pastrnak.
0:35 of 1st period - Stopped by Jakub Dobes with a rebound.
0:37 of 1st period - Slapshot by Timothy Liljegren.
0:37 of 1st period - Deflect By David Pastrnak.
0:37 of 1st period - Shot Misses the Net.
0:37 of 1st period - Puck is out of play.
0:38 of 1st period - Andrew Copp wins face-off versus Nick Schmaltz in San Jose Sharks zone.
0:49 of 1st period - Snap shot by Anthony Beauvillier.
0:49 of 1st period - Stopped by Arvid Soderblom with a rebound.
1:05 of 1st period - Andrew Peeke is hit by Josh Manson and loses puck.
1:29 of 1st period - Snap shot by Max Domi.
1:29 of 1st period - Shot Misses the Net.
1:47 of 1st period - Wrist shot by Nikita Kucherov.
1:47 of 1st period - Shot Blocked by Nicolas Hague.
2:07 of 1st period - Slapshot by Victor Hedman.
2:07 of 1st period - Shot Misses the Net.
2:53 of 1st period - Snap shot by Robby Fabbri.
2:53 of 1st period - Stopped by Arvid Soderblom without a rebound.
2:54 of 1st period - Adam Henrique wins face-off versus Evgeny Kuznetsov in Colorado Rockies zone.
3:15 of 1st period - Minor Penalty to Max Domi for Tripping.
3:16 of 1st period - Kevin Fiala wins face-off versus Tim Stutzle in San Jose Sharks zone.
4:47 of 1st period - Connor Murphy is hit by Kyle Palmieri and loses puck.
5:15 of 1st period - Penalty to Max Domi is over, Max Domi is back on ice.
5:23 of 1st period - Off-side.
5:24 of 1st period - Travis Boyd wins face-off versus Kevin Hayes in neutral zone.
6:56 of 1st period - Backhand shot by Nick Schmaltz.
6:56 of 1st period - Stopped by Jakub Dobes without a rebound.
6:57 of 1st period - Travis Boyd wins face-off versus Nick Schmaltz in San Jose Sharks zone.
6:57 of 1st period - Travis Boyd is hit by Michael Bunting.
7:09 of 1st period - Blake Lizotte is hit by Michael Bunting and loses puck.
7:50 of 1st period - Snap shot by Nick Schmaltz.
7:50 of 1st period - Stopped by Jakub Dobes with a rebound.
7:52 of 1st period - Backhand shot by Andrew Peeke.
7:52 of 1st period - Stopped by Jakub Dobes without a rebound.
7:53 of 1st period - Adam Henrique wins face-off versus Kyle Palmieri in San Jose Sharks zone.
7:53 of 1st period - Adam Henrique is hit by David Pastrnak.
8:53 of 1st period - Snap shot by Philipp Kurashev.
8:53 of 1st period - Shot Misses the Net.
9:09 of 1st period - Snap shot by Ilya Mikheyev.
9:09 of 1st period - Shot Misses the Net.
9:33 of 1st period - Slapshot by Andrew Copp.
9:33 of 1st period - Stopped by Arvid Soderblom with a rebound.
9:35 of 1st period - Slapshot by Connor Murphy.
9:35 of 1st period - Shot Blocked by Philipp Kurashev.
9:37 of 1st period - Slapshot by Connor Murphy.
9:37 of 1st period - Shot Blocked by Victor Hedman.
9:39 of 1st period - Slapshot by Connor Murphy.
9:39 of 1st period - Deflect By Victor Hedman.
9:39 of 1st period - Stopped by Arvid Soderblom with a rebound.
9:47 of 1st period - Slapshot by Ilya Mikheyev.
9:47 of 1st period - Stopped by Arvid Soderblom with a rebound.
9:49 of 1st period - Snap shot by Andrew Copp.
9:49 of 1st period - Stopped by Arvid Soderblom without a rebound.
9:50 of 1st period - Alexander Wennberg wins face-off versus Kyle Palmieri in Colorado Rockies zone.
10:09 of 1st period - Minor Penalty to David Pastrnak for Cross-checking.
10:10 of 1st period - Adam Henrique wins face-off versus Nikita Kucherov in Colorado Rockies zone.
11:06 of 1st period - Nikita Kucherov is hit by Connor Murphy and loses puck.
12:09 of 1st period - Penalty to David Pastrnak is over, David Pastrnak is back on ice.
12:17 of 1st period - Snap shot by Travis Boyd.
12:17 of 1st period - Stopped by Arvid Soderblom with a rebound.
12:35 of 1st period - Vince Dunn is hit by Nicolas Hague.
13:00 of 1st period - Snap shot by Jesper Bratt.
13:00 of 1st period - Stopped by Jakub Dobes without a rebound.
13:01 of 1st period - Travis Boyd wins face-off versus Kyle Palmieri in San Jose Sharks zone.
13:06 of 1st period - Slapshot by Travis Boyd.
13:06 of 1st period - Deflect By Robby Fabbri.
13:06 of 1st period - Stopped by Arvid Soderblom with a rebound.
13:08 of 1st period - Snap shot by Robby Fabbri.
13:08 of 1st period - Stopped by Arvid Soderblom with a rebound.
13:33 of 1st period - Icing by Martin Fehervary.
13:34 of 1st period - Tim Stutzle wins face-off versus Alexander Wennberg in Colorado Rockies zone.
13:55 of 1st period - Kevin Fiala is hit by Tim Stutzle and loses puck.
14:00 of 1st period - Snap shot by Nikita Kucherov.
14:00 of 1st period - Stopped by Jakub Dobes without a rebound.
14:01 of 1st period - Adam Henrique wins face-off versus Nick Schmaltz in San Jose Sharks zone.
14:28 of 1st period - Kyle Palmieri is hit by Josh Manson and loses puck.
15:10 of 1st period - Snap shot by Robby Fabbri.
15:10 of 1st period - Stopped by Arvid Soderblom with a rebound.
15:12 of 1st period - Slapshot by Mattias Samuelsson.
15:12 of 1st period - Stopped by Arvid Soderblom without a rebound.
15:13 of 1st period - Travis Boyd wins face-off versus Nick Schmaltz in Colorado Rockies zone.
15:35 of 1st period - Zach Whitecloud is hit by Travis Boyd and loses puck.
15:46 of 1st period - Snap shot by Robby Fabbri.
15:46 of 1st period - Shot Misses the Net.
16:02 of 1st period - Kevin Hayes is hit by Marcus Pettersson and loses puck.
16:16 of 1st period - Wrist shot by Michael Bunting.
16:16 of 1st period - Shot Misses the Net.
16:18 of 1st period - Backhand shot by Victor Hedman.
16:18 of 1st period - Shot Blocked by Marcus Pettersson.
16:20 of 1st period - Slapshot by Martin Fehervary.
16:20 of 1st period - Shot Blocked by Josh Manson.
16:30 of 1st period - Wrist shot by Michael Bunting.
16:30 of 1st period - Shot Misses the Net.
16:32 of 1st period - Slapshot by Timothy Liljegren.
16:32 of 1st period - Deflect By Nick Schmaltz.
16:32 of 1st period - Stopped by Jakub Dobes without a rebound.
16:33 of 1st period - Adam Henrique wins face-off versus Tim Stutzle in San Jose Sharks zone.
17:28 of 1st period - Snap shot by Anthony Beauvillier.
17:28 of 1st period - Stopped by Arvid Soderblom with a rebound.
17:44 of 1st period - Slapshot by Max Domi.
17:44 of 1st period - Shot Misses the Net.
17:46 of 1st period - Slapshot by Adam Henrique.
17:46 of 1st period - Stopped by Arvid Soderblom with a rebound.
17:59 of 1st period - Icing by Nikita Kucherov.
18:00 of 1st period - Alexander Wennberg wins face-off versus Kyle Palmieri in Colorado Rockies zone.
18:13 of 1st period - Snap shot by Kevin Fiala.
18:13 of 1st period - Stopped by Arvid Soderblom with a rebound.
18:15 of 1st period - Wrist shot by Carter Verhaeghe.
18:15 of 1st period - Stopped by Arvid Soderblom with a rebound.
18:17 of 1st period - Snap shot by Josh Manson.
18:17 of 1st period - Shot Misses the Net.
18:18 of 1st period - Minor Penalty to Josh Manson for High sticking.
18:19 of 1st period - Alexander Wennberg wins face-off versus David Pastrnak in San Jose Sharks zone.
18:54 of 1st period - Snap shot by Nikita Kucherov.
18:54 of 1st period - Stopped by Jakub Dobes with a rebound.
Goals for this period are 0 for Colorado Rockies vs 0 for San Jose Sharks.
Shots for this period are 8 for Colorado Rockies vs 15 for San Jose Sharks.
2nd period
0:01 of 2nd period - Tim Stutzle wins face-off versus Alexander Wennberg in neutral zone.
0:18 of 2nd period - Penalty to Josh Manson is over, Josh Manson is back on ice.
0:26 of 2nd period - Andre Burakovsky is hit by David Pastrnak and loses puck.
0:55 of 2nd period - Slapshot by Kevin Fiala.
0:55 of 2nd period - Shot Misses the Net.
1:18 of 2nd period - Off-side.
1:19 of 2nd period - Tim Stutzle wins face-off versus Adam Henrique in neutral zone.
1:23 of 2nd period - Tim Stutzle is hit by Adam Henrique and loses puck.
1:28 of 2nd period - Snap shot by Tim Stutzle.
1:28 of 2nd period - Stopped by Jakub Dobes with a rebound.
1:30 of 2nd period - Wrist shot by Martin Fehervary.
1:30 of 2nd period - Stopped by Jakub Dobes with a rebound.
1:32 of 2nd period - Wrist shot by Kyle Connor.
1:32 of 2nd period - Stopped by Jakub Dobes with a rebound.
1:34 of 2nd period - Snap shot by Kyle Connor.
1:34 of 2nd period - Stopped by Jakub Dobes with a rebound.
1:42 of 2nd period - Minor Penalty to Connor Murphy for Cross-checking.
1:43 of 2nd period - Alexander Wennberg wins face-off versus Kyle Palmieri in San Jose Sharks zone.
2:10 of 2nd period - Mattias Samuelsson is hit by Martin Fehervary.
2:18 of 2nd period - Wrist shot by Kevin Fiala.
2:18 of 2nd period - Goal by Kevin Fiala - Colorado Rockies : 0 - San Jose Sharks : 1.
2:19 of 2nd period - Alexander Wennberg wins face-off versus Kyle Palmieri in neutral zone.
2:29 of 2nd period - Wrist shot by David Pastrnak.
2:29 of 2nd period - Deflect By Jesper Bratt.
2:29 of 2nd period - Shot Blocked by Adam Henrique.
2:29 of 2nd period - Puck is out of play.
2:30 of 2nd period - Alexander Wennberg wins face-off versus Kyle Palmieri in San Jose Sharks zone.
2:32 of 2nd period - Minor Penalty to Alexander Wennberg for High sticking.
2:33 of 2nd period - Kyle Connor wins face-off versus Kevin Fiala in San Jose Sharks zone.
2:38 of 2nd period - Icing by Kyle Connor.
2:39 of 2nd period - Tim Stutzle wins face-off versus Carter Verhaeghe in Colorado Rockies zone.
3:39 of 2nd period - Kyle Connor is hit by Kevin Fiala and loses puck.
3:42 of 2nd period - Penalty to Connor Murphy is over, Connor Murphy is back on ice.
3:58 of 2nd period - Snap shot by Anthony Beauvillier.
3:58 of 2nd period - Stopped by Arvid Soderblom with a rebound.
4:00 of 2nd period - Wrist shot by Josh Manson.
4:00 of 2nd period - Stopped by Arvid Soderblom without a rebound.
4:01 of 2nd period - Tim Stutzle wins face-off versus Anthony Beauvillier in Colorado Rockies zone.
4:10 of 2nd period - Wrist shot by Anthony Beauvillier.
4:10 of 2nd period - Shot Blocked by Andrew Peeke.
4:12 of 2nd period - Snap shot by Anthony Beauvillier.
4:12 of 2nd period - Goal by Anthony Beauvillier - Colorado Rockies : 0 - San Jose Sharks : 2.
4:13 of 2nd period - Kyle Palmieri wins face-off versus Anthony Beauvillier in neutral zone.
4:32 of 2nd period - Penalty to Alexander Wennberg is over, Alexander Wennberg is back on ice.
5:04 of 2nd period - Slapshot by Alexander Wennberg.
5:04 of 2nd period - Shot Misses the Net.
5:06 of 2nd period - Wrist shot by Alexander Wennberg.
5:06 of 2nd period - Shot Blocked by Andrew Peeke.
5:12 of 2nd period - Snap shot by Alexander Wennberg.
5:12 of 2nd period - Shot Misses the Net.
5:29 of 2nd period - Snap shot by Kevin Fiala.
5:29 of 2nd period - Shot Blocked by Timothy Liljegren.
5:31 of 2nd period - Snap shot by Kevin Fiala.
5:31 of 2nd period - Stopped by Arvid Soderblom without a rebound.
5:32 of 2nd period - Andre Burakovsky wins face-off versus Nick Schmaltz in Colorado Rockies zone.
5:35 of 2nd period - Wrist shot by Andre Burakovsky.
5:35 of 2nd period - Stopped by Arvid Soderblom without a rebound.
5:36 of 2nd period - Adam Henrique wins face-off versus Nick Schmaltz in Colorado Rockies zone.
5:41 of 2nd period - Wrist shot by Max Domi.
5:41 of 2nd period - Goal by Max Domi - Colorado Rockies : 0 - San Jose Sharks : 3.
5:42 of 2nd period - Adam Henrique wins face-off versus Evgeny Kuznetsov in neutral zone.
5:49 of 2nd period - Wrist shot by Adam Henrique.
5:49 of 2nd period - Stopped by Arvid Soderblom without a rebound.
5:50 of 2nd period - Evgeny Kuznetsov wins face-off versus Adam Henrique in Colorado Rockies zone.
5:50 of 2nd period - Evgeny Kuznetsov is hit by Max Domi.
5:53 of 2nd period - Minor Penalty to Evgeny Kuznetsov for Roughing.
5:54 of 2nd period - Tim Stutzle wins face-off versus Alexander Wennberg in Colorado Rockies zone.
7:27 of 2nd period - Victor Hedman is hit by Kevin Fiala and loses puck.
7:53 of 2nd period - Penalty to Evgeny Kuznetsov is over, Evgeny Kuznetsov is back on ice.
8:06 of 2nd period - Philipp Kurashev is hit by Mattias Samuelsson and loses puck.
8:30 of 2nd period - Icing by Andrew Copp.
8:31 of 2nd period - Andrew Copp wins face-off versus Nick Schmaltz in San Jose Sharks zone.
9:04 of 2nd period - Wrist shot by Michael Bunting.
9:04 of 2nd period - Stopped by Jakub Dobes with a rebound.
9:06 of 2nd period - Wrist shot by Michael Bunting.
9:06 of 2nd period - Shot Blocked by Andrew Copp.
9:08 of 2nd period - Backhand shot by Martin Fehervary.
9:08 of 2nd period - Stopped by Jakub Dobes with a rebound.
9:10 of 2nd period - Snap shot by Michael Bunting.
9:10 of 2nd period - Stopped by Jakub Dobes with a rebound.
9:12 of 2nd period - Snap shot by Nick Schmaltz.
9:12 of 2nd period - Deflect By Kevin Hayes.
9:12 of 2nd period - Shot Misses the Net.
9:12 of 2nd period - Puck is out of play.
9:13 of 2nd period - Kyle Palmieri wins face-off versus Adam Henrique in San Jose Sharks zone.
9:25 of 2nd period - Minor Penalty to Max Domi for Interference.
9:26 of 2nd period - Kevin Fiala wins face-off versus Kyle Palmieri in San Jose Sharks zone.
9:53 of 2nd period - Timothy Liljegren is hit by Connor Murphy and loses puck.
10:43 of 2nd period - Mattias Samuelsson is hit by David Pastrnak and loses puck.
11:25 of 2nd period - Penalty to Max Domi is over, Max Domi is back on ice.
11:27 of 2nd period - Wrist shot by Jesper Bratt.
11:27 of 2nd period - Stopped by Jakub Dobes with a rebound.
11:29 of 2nd period - Wrist shot by Jesper Bratt.
11:29 of 2nd period - Stopped by Jakub Dobes without a rebound.
11:30 of 2nd period - Andrew Copp wins face-off versus Evgeny Kuznetsov in San Jose Sharks zone.
11:50 of 2nd period - Zach Whitecloud is hit by Nicolas Hague and loses puck.
12:02 of 2nd period - Icing by Nicolas Hague.
12:03 of 2nd period - Andrew Copp wins face-off versus Tim Stutzle in San Jose Sharks zone.
12:16 of 2nd period - Snap shot by Ilya Mikheyev.
12:16 of 2nd period - Stopped by Arvid Soderblom without a rebound.
12:17 of 2nd period - Adam Henrique wins face-off versus Nikita Kucherov in Colorado Rockies zone.
12:31 of 2nd period - Off-side.
12:32 of 2nd period - Kyle Palmieri wins face-off versus Alexander Wennberg in neutral zone.
12:41 of 2nd period - Wrist shot by Jesper Bratt.
12:41 of 2nd period - Shot Misses the Net.
12:43 of 2nd period - Snap shot by Kyle Palmieri.
12:43 of 2nd period - Shot Blocked by Marcus Pettersson.
12:59 of 2nd period - Martin Fehervary is hit by Max Domi and loses puck.
13:04 of 2nd period - Snap shot by Adam Henrique.
13:04 of 2nd period - Shot Misses the Net.
13:06 of 2nd period - Snap shot by Adam Henrique.
13:06 of 2nd period - Shot Misses the Net.
13:08 of 2nd period - Wrist shot by Adam Henrique.
13:08 of 2nd period - Shot Blocked by Kyle Connor.
13:22 of 2nd period - Andrew Copp is hit by Martin Fehervary and loses puck.
13:43 of 2nd period - Wrist shot by David Pastrnak.
13:43 of 2nd period - Shot Blocked by Mattias Samuelsson.
13:45 of 2nd period - Snap shot by David Pastrnak.
13:45 of 2nd period - Stopped by Jakub Dobes with a rebound.
13:47 of 2nd period - Slapshot by Vince Dunn.
13:47 of 2nd period - Stopped by Jakub Dobes without a rebound.
13:48 of 2nd period - Kyle Palmieri wins face-off versus Travis Boyd in San Jose Sharks zone.
14:09 of 2nd period - Snap shot by David Pastrnak.
14:09 of 2nd period - Goal by David Pastrnak - Colorado Rockies : 1 - San Jose Sharks : 3.
14:10 of 2nd period - Nick Schmaltz wins face-off versus Adam Henrique in neutral zone.
14:40 of 2nd period - Minor Penalty to Vince Dunn for Interference.
14:41 of 2nd period - Carter Verhaeghe wins face-off versus Tim Stutzle in Colorado Rockies zone.
14:50 of 2nd period - Wrist shot by Kevin Fiala.
14:50 of 2nd period - Deflect By Adam Henrique.
14:50 of 2nd period - Stopped by Arvid Soderblom with a rebound.
15:06 of 2nd period - Alexander Wennberg is hit by Andrew Peeke and loses puck.
16:40 of 2nd period - Penalty to Vince Dunn is over, Vince Dunn is back on ice.
16:52 of 2nd period - Wrist shot by Nick Schmaltz.
16:52 of 2nd period - Shot Misses the Net.
17:02 of 2nd period - Kevin Hayes is hit by Robby Fabbri and loses puck.
17:15 of 2nd period - Snap shot by Ilya Mikheyev.
17:15 of 2nd period - Shot Blocked by Philipp Kurashev.
17:17 of 2nd period - Snap shot by Anthony Beauvillier.
17:17 of 2nd period - Shot Misses the Net.
17:19 of 2nd period - Wrist shot by Anthony Beauvillier.
17:19 of 2nd period - Shot Blocked by Victor Hedman.
17:21 of 2nd period - Slapshot by Andrew Copp.
17:21 of 2nd period - Shot Misses the Net.
17:23 of 2nd period - Backhand shot by Ilya Mikheyev.
17:23 of 2nd period - Stopped by Arvid Soderblom without a rebound.
17:24 of 2nd period - Andrew Copp wins face-off versus Kyle Palmieri in Colorado Rockies zone.
17:25 of 2nd period - Wrist shot by Ilya Mikheyev.
17:25 of 2nd period - Shot Misses the Net.
17:56 of 2nd period - Slapshot by Vince Dunn.
17:56 of 2nd period - Shot Misses the Net.
18:31 of 2nd period - Minor Penalty to Nikita Kucherov for Hooking.
18:32 of 2nd period - Alexander Wennberg wins face-off versus Tim Stutzle in Colorado Rockies zone.
18:33 of 2nd period - Wrist shot by Andre Burakovsky.
18:33 of 2nd period - Shot Misses the Net.
18:57 of 2nd period - Timothy Liljegren is hit by Adam Henrique and loses puck.
19:06 of 2nd period - Slapshot by Kevin Fiala.
19:06 of 2nd period - Shot Hit the Post.
19:16 of 2nd period - Mattias Samuelsson is hit by Timothy Liljegren and loses puck.
Goals for this period are 1 for Colorado Rockies vs 3 for San Jose Sharks.
Shots for this period are 12 for Colorado Rockies vs 11 for San Jose Sharks.
3rd period
0:01 of 3rd period - Max Domi wins face-off versus Tim Stutzle in neutral zone.
0:03 of 3rd period - Off-side.
0:04 of 3rd period - Alexander Wennberg wins face-off versus Tim Stutzle in neutral zone.
0:07 of 3rd period - Wrist shot by Alexander Wennberg.
0:07 of 3rd period - Stopped by Arvid Soderblom without a rebound.
0:08 of 3rd period - Alexander Wennberg wins face-off versus Tim Stutzle in Colorado Rockies zone.
0:12 of 3rd period - Slapshot by Max Domi.
0:12 of 3rd period - Goal by Max Domi - Colorado Rockies : 1 - San Jose Sharks : 4.
0:13 of 3rd period - Kyle Palmieri wins face-off versus Adam Henrique in neutral zone.
0:17 of 3rd period - Off-side.
0:18 of 3rd period - Adam Henrique wins face-off versus Kyle Palmieri in neutral zone.
0:23 of 3rd period - Snap shot by Max Domi.
0:23 of 3rd period - Stopped by Arvid Soderblom without a rebound.
0:24 of 3rd period - Tim Stutzle wins face-off versus Alexander Wennberg in Colorado Rockies zone.
0:31 of 3rd period - Wrist shot by Tim Stutzle.
0:31 of 3rd period - Shot Blocked by Connor Murphy.
0:53 of 3rd period - Max Domi is hit by David Pastrnak and loses puck.
1:23 of 3rd period - Snap shot by Michael Bunting.
1:23 of 3rd period - Shot Blocked by Mattias Samuelsson.
1:37 of 3rd period - Backhand shot by Mattias Samuelsson.
1:37 of 3rd period - Shot Misses the Net.
1:39 of 3rd period - Snap shot by Travis Boyd.
1:39 of 3rd period - Shot Misses the Net.
1:41 of 3rd period - Snap shot by Blake Lizotte.
1:41 of 3rd period - Shot Misses the Net.
1:43 of 3rd period - Snap shot by Robby Fabbri.
1:43 of 3rd period - San Jose Sharks goal is going for a video replay.
1:43 of 3rd period - The goal is good.
1:43 of 3rd period - Goal by Robby Fabbri - Colorado Rockies : 1 - San Jose Sharks : 5.
1:44 of 3rd period - Alexander Wennberg wins face-off versus Kyle Connor in neutral zone.
1:51 of 3rd period - Slapshot by Carter Verhaeghe.
1:51 of 3rd period - Shot Misses the Net.
2:11 of 3rd period - Carter Verhaeghe is hit by David Pastrnak and loses puck.
2:38 of 3rd period - Andre Burakovsky is hit by Kevin Hayes and loses puck.
3:00 of 3rd period - Off-side.
3:01 of 3rd period - Tim Stutzle wins face-off versus Andrew Copp in neutral zone.
3:38 of 3rd period - Slapshot by Ilya Mikheyev.
3:38 of 3rd period - Stopped by Arvid Soderblom with a rebound.
4:00 of 3rd period - Snap shot by Nikita Kucherov.
4:00 of 3rd period - Deflect By Kyle Connor.
4:00 of 3rd period - Stopped by Jakub Dobes without a rebound.
4:01 of 3rd period - Adam Henrique wins face-off versus Michael Bunting in San Jose Sharks zone.
4:16 of 3rd period - Wrist shot by Max Domi.
4:16 of 3rd period - Stopped by Arvid Soderblom with a rebound.
4:34 of 3rd period - Snap shot by Jesper Bratt.
4:34 of 3rd period - Stopped by Jakub Dobes with a rebound.
4:41 of 3rd period - Snap shot by David Pastrnak.
4:41 of 3rd period - Deflect By Mattias Samuelsson.
4:41 of 3rd period - Stopped by Jakub Dobes with a rebound.
4:53 of 3rd period - Snap shot by Alexander Wennberg.
4:53 of 3rd period - Shot Misses the Net.
5:13 of 3rd period - Wrist shot by Carter Verhaeghe.
5:13 of 3rd period - Stopped by Arvid Soderblom without a rebound.
5:14 of 3rd period - Kyle Palmieri wins face-off versus Travis Boyd in Colorado Rockies zone.
6:19 of 3rd period - Zach Whitecloud is hit by Nicolas Hague and loses puck.
6:34 of 3rd period - Josh Manson is hit by Zach Whitecloud and loses puck.
6:41 of 3rd period - Wrist shot by Michael Bunting.
6:41 of 3rd period - Shot Misses the Net.
7:09 of 3rd period - Minor Penalty to David Pastrnak for Hooking.
7:10 of 3rd period - Carter Verhaeghe wins face-off versus Tim Stutzle in Colorado Rockies zone.
9:09 of 3rd period - Penalty to David Pastrnak is over, David Pastrnak is back on ice.
9:19 of 3rd period - Wrist shot by Vince Dunn.
9:19 of 3rd period - Stopped by Jakub Dobes without a rebound.
9:20 of 3rd period - Andrew Copp wins face-off versus Evgeny Kuznetsov in San Jose Sharks zone.
9:22 of 3rd period - Anthony Beauvillier and Zach Whitecloud fight to a draw.
9:22 of 3rd period - Penalty to Anthony Beauvillier for Fighting.
9:22 of 3rd period - Penalty to Zach Whitecloud for Fighting.
9:23 of 3rd period - Alexander Wennberg wins face-off versus Evgeny Kuznetsov in San Jose Sharks zone.
9:32 of 3rd period - Slapshot by Mattias Samuelsson.
9:32 of 3rd period - Stopped by Arvid Soderblom with a rebound.
9:49 of 3rd period - Minor Penalty to Michael Bunting for Hooking.
9:50 of 3rd period - Tim Stutzle wins face-off versus Carter Verhaeghe in Colorado Rockies zone.
10:09 of 3rd period - Martin Fehervary is hit by Marcus Pettersson and loses puck.
10:20 of 3rd period - Slapshot by Victor Hedman.
10:20 of 3rd period - Shot Misses the Net.
11:34 of 3rd period - Alexander Wennberg is hit by Jesper Bratt and loses puck.
11:49 of 3rd period - Penalty to Michael Bunting is over, Michael Bunting is back on ice.
12:22 of 3rd period - Andrew Copp is hit by Michael Bunting and loses puck.
12:27 of 3rd period - Snap shot by Michael Bunting.
12:27 of 3rd period - Stopped by Jakub Dobes without a rebound.
12:28 of 3rd period - Adam Henrique wins face-off versus Nick Schmaltz in San Jose Sharks zone.
12:39 of 3rd period - Adam Henrique is hit by Nick Schmaltz and loses puck.
13:19 of 3rd period - Minor Penalty to Timothy Liljegren for Hooking.
13:20 of 3rd period - Tim Stutzle wins face-off versus Alexander Wennberg in Colorado Rockies zone.
13:20 of 3rd period - Tim Stutzle is hit by Max Domi.
13:38 of 3rd period - Andre Burakovsky is hit by Martin Fehervary and loses puck.
13:59 of 3rd period - Wrist shot by Kevin Fiala.
13:59 of 3rd period - Goal by Kevin Fiala - Colorado Rockies : 1 - San Jose Sharks : 6.
14:00 of 3rd period - Adam Henrique wins face-off versus Kyle Palmieri in neutral zone.
14:26 of 3rd period - Kevin Hayes is hit by Kevin Fiala and loses puck.
14:52 of 3rd period - Wrist shot by Philipp Kurashev.
14:52 of 3rd period - Stopped by Jakub Dobes with a rebound.
14:54 of 3rd period - Wrist shot by Philipp Kurashev.
14:54 of 3rd period - Stopped by Jakub Dobes with a rebound.
14:56 of 3rd period - Snap shot by Nick Bonino.
14:56 of 3rd period - Stopped by Jakub Dobes without a rebound.
14:57 of 3rd period - Max Domi wins face-off versus Kyle Palmieri in San Jose Sharks zone.
15:13 of 3rd period - Icing by David Pastrnak.
15:14 of 3rd period - Alexander Wennberg wins face-off versus Kyle Palmieri in Colorado Rockies zone.
15:29 of 3rd period - Wrist shot by Alexander Wennberg.
15:29 of 3rd period - Stopped by Arvid Soderblom with a rebound.
15:51 of 3rd period - Slapshot by Tim Stutzle.
15:51 of 3rd period - Stopped by Jakub Dobes without a rebound.
15:52 of 3rd period - Alexander Wennberg wins face-off versus Philipp Kurashev in San Jose Sharks zone.
15:59 of 3rd period - Snap shot by Alexander Wennberg.
15:59 of 3rd period - Shot Misses the Net.
16:01 of 3rd period - Snap shot by Kevin Fiala.
16:01 of 3rd period - Deflect By Alexander Wennberg.
16:01 of 3rd period - Goal by Alexander Wennberg - Colorado Rockies : 1 - San Jose Sharks : 7.
16:02 of 3rd period - Adam Henrique wins face-off versus Tim Stutzle in neutral zone.
16:10 of 3rd period - Wrist shot by Kyle Connor.
16:10 of 3rd period - Stopped by Jakub Dobes with a rebound.
16:16 of 3rd period - Adam Henrique is hit by Timothy Liljegren and loses puck.
16:29 of 3rd period - Alexander Wennberg is hit by Philipp Kurashev and loses puck.
17:18 of 3rd period - Victor Hedman is hit by Josh Manson and loses puck.
18:42 of 3rd period - Kyle Palmieri is hit by Ilya Mikheyev and loses puck.
19:19 of 3rd period - Minor Penalty to Marcus Pettersson for Holding Stick.
19:20 of 3rd period - Kevin Fiala wins face-off versus Tim Stutzle in San Jose Sharks zone.
19:29 of 3rd period - Wrist shot by Tim Stutzle.
19:29 of 3rd period - Shot Misses the Net.
19:31 of 3rd period - Backhand shot by Victor Hedman.
19:31 of 3rd period - Stopped by Jakub Dobes without a rebound.
19:32 of 3rd period - Kyle Connor wins face-off versus Adam Henrique in San Jose Sharks zone.
Goals for this period are 0 for Colorado Rockies vs 4 for San Jose Sharks.
Shots for this period are 11 for Colorado Rockies vs 11 for San Jose Sharks.
Back to the Top